 Dungeon Crawl Stone Soup version 0.30-a0-371-gad7725a93e (webtiles) character file.

Game seed: 12932378735929276381

537 sanka the Conjurer (level 6, 0/48 HPs)
             Began as a Demigod Reaver on Nov 20, 2022.
             Slain by an orc
             ... wielding a +0 club
              (3 damage)
             ... on level 6 of the Dungeon.
             The game lasted 00:07:40 (4094 turns).

sanka the Conjurer (Demigod Reaver)                 Turns: 4094, Time: 00:07:40

Health: 0/48       AC:  9    Str: 13    XL:     6   Next: 75%
Magic:  7/11       EV: 11    Int: 23    God:
Gold:   212        SH:  0    Dex: 12    Spells: 4/9 levels left

rFire   . . .      SeeInvis .    a - +1 morningstar (freeze)
rCold   . . .      Faith    .    (no shield)
rNeg    . . .      Spirit   .    b - +0 leather armour
rPois   .          Reflect  .    (no helmet)
rElec   .          Harm     .    s - +0 cloak
rCorr   .          Rampage  .    B - +0 pair of gloves
Will    .....                    (no boots)
Stlth   +.........               (no amulet)
HPRegen 0.28/turn                v - +4 ring of slaying
MPRegen 0.12/turn                h - +4 ring of protection

@: confused, lethally poisoned (0 -> -20), immotile
A: high MP 1, forlorn, divine attributes
a: no special abilities


You were on level 6 of the Dungeon.
You visited 1 branch of the dungeon, and saw 6 of its levels.

You collected 212 gold pieces.


Innate Abilities, Weirdness & Mutations

You have an increased reservoir of magic. (+10% MP)
You shall have no god before yourself.
Your divine heritage dramatically boosts your attributes as you level up.


   Skills:
 - Level 1.7 Fighting
 - Level 2.6 Maces & Flails
 - Level 1.7 Dodging
 - Level 2.0 Spellcasting
 + Level 7.1 Conjurations
 - Level 1.0 Necromancy
 - Level 1.0 Translocations


You had 4 spell levels left.
You knew the following spells:

 Your Spells              Type           Power      Damage    Failure   Level
u - Momentum Strike       Conj/Tloc      40%        3d9       4%          2
y - Kiss of Death         Conj/Necr      80%        2d11      3%          1
z - Searing Ray           Conj           70%        2d7       1%          2

Your spell library contained the following spells:

 Spells                   Type           Power      Damage    Failure   Level
 Magic Dart               Conj           100%       1d8       1%          1
 Hailstorm                Conj/Ice       18%        3d6       12%         3
 Fulminant Prism          Conj/Hex       9%         3d7       36%         4

Inventory:

Hand Weapons
 a - a +1 morningstar of freezing (weapon)
Armour
 b - a +0 leather armour (worn)
 s - a +0 cloak (worn)
 B - a +0 pair of gloves (worn)
Jewellery
 h - a +4 ring of protection (right hand)
 q - a ring of flight
 v - a +4 ring of slaying (left hand)
Wands
 r - a wand of roots (7)
Scrolls
 d - a scroll of brand weapon {unknown}
 g - 2 scrolls of fog {unknown}
 i - 2 scrolls of amnesia {unknown}
 l - 4 scrolls of identify {unknown}
 m - a scroll of vulnerability {unknown}
 n - a scroll of enchant weapon {unknown}
 o - a scroll of magic mapping {unknown}
 w - a scroll of blinking {unknown}
 y - a scroll of poison {unknown}
 C - a scroll of torment {unknown}
Potions
 c - a potion of degeneration {unknown}
 e - a potion of magic {unknown}
 f - 3 potions of curing {unknown}
 j - 2 potions of mutation {unknown}
 k - 2 potions of brilliance {unknown}
 p - a potion of flight {unknown}
 t - a potion of might {unknown}
 u - 3 potions of lignification {unknown}
 x - a potion of cancellation {unknown}
 z - a potion of invisibility {unknown}
 A - a potion of haste {unknown}

Dungeon Overview and Level Annotations

Branches:
Dungeon (6/15)
 Temple: D:4-7

Shops:
D:1 [   D:6 *(**

Annotations:
D:5 Dowan, Duvessa

.▒ ▒.........▒............▒▒.. .▒
▒.▒........................ .▒
▒.▒..▒▒▒......▒▒▒▒▒.▒▒▒▒▒▒▒ .▒
▒▒.▒..▒▒▒......▒ ▒........▒ .▒
▒..............▒ ▒.▒.▒▒▒▒.▒▒ .▒
▒.....▒▒▒......▒ ▒.▒.▒ ▒... ▒▒
▒._.........▒▒▒▒▒▒.▒.▒▒▒▒...
▒....▒▒▒▒.o)▒...............
▒▒▒▒▒▒▒........op▒.▒▒▒▒.▒.▒▒▒▒...
.>....▒...▒▒▒▒.o▒▒.▒▒▒▒.▒.▒▒▒▒...
..........................▒▒.....
▒▒▒......∩...........▒▒.▒........
▒......▒▒.▒.▒▒▒.▒▒.▒▒▒▒.▒.▒▒▒▒...
.......▒▒.▒.▒ ▒.▒▒.▒▒▒▒........▒.
▒......▒▒)▒)▒▒▒.▒▒........▒▒▒▒.▒.
▒.......<.................▒ ▒.▒.
▒......▒▒▒▒.▒▒▒.▒▒▒▒▒▒▒...▒▒▒▒.▒▒


You could see an orc wizard and 2 orcs.


Message History

The orc priest dies!
You are unable to move.
You feel sick.
The orc wizard hits you but does no damage.
The orc closely misses you. The orc hits you but does no damage.
You are more poisoned.
The orc wizard misses you.
Unknown command.
Unknown command.
Aiming: Searing Ray (safe; 1% risk of failure)
Aim: an orc wizard, wielding a +0 dagger of speed and wearing a +0 robe (76% to hit)
The searing ray hits the orc wizard.
The orc wizard is moderately wounded. (Press . to maintain the ray.)
* * * LOW HITPOINT WARNING * * *
You feel very sick. The orc wizard casts a spell at you.
You are confused.
The orc closely misses you.
The orc hits you with a +1 hand axe of venom.
* * * LOW HITPOINT WARNING * * *
You are more poisoned.
Unknown command.
* * * LOW HITPOINT WARNING * * *
You feel very sick.
The orc wizard hits you with a +0 dagger of speed.
* * * LOW HITPOINT WARNING * * *
The orc hits you with a +0 club.
You die...

Action                   |  1- 3 |  4- 6 || total
-------------------------+-------+-------++-------
Melee: Mace              |   172 |    21 ||   193
       Punch             |     2 |     1 ||     3
       Morningstar       |       |    64 ||    64
 Cast: Momentum Strike   |     1 |     9 ||    10
       Kiss of Death     |     1 |     1 ||     2
       Searing Ray       |       |    11 ||    11
Armor: Leather armour    |    69 |    49 ||   118
Dodge: Dodged            |   133 |    66 ||   199

Levels and vault maps discovered:
D:1:      psy_arrival_conway, layout_loops_corners,
          shapermc_ecumenical_altar_acropolis, serial_shops, shop
D:2:      layout_rooms
D:3:      layout_loops_ring, hangedman_decor_clover_reticule, uniq_ijyb
D:4:      layout_basic, mainiacjoe_overflow_alcove_2, uniq_grinder,
          uniq_eustachio, uniq_pargi
D:5:      layout_rooms, grunt_qazlal_clouds, uniq_duvessa
D:6:      layout_basic, bloody_trog, nicolae_gozag_seed_capital,
          grunt_dithmenos_smoke, serial_shops, shop, shop, shop,
          nicolae_shop_trees, st_stairs_11

Notes
Turn   | Place    | Note
-------+----------+-------------------------------------------
     0 | D:1      | sanka the Demigod Reaver began the quest for the Orb.
     0 | D:1      | Reached XP level 1. HP: 17/17 MP: 5/5
    79 | D:1      | Found Muasm's Armour Emporium.
   138 | D:1      | Reached skill level 2 in Spellcasting
   234 | D:1      | Reached skill level 3 in Conjurations
   419 | D:1      | Reached XP level 2. HP: 24/24 MP: 7/7
   964 | D:2      | Reached XP level 3. HP: 23/29 MP: 8/8
  1200 | D:2      | Reached skill level 4 in Conjurations
  1322 | D:2      | Learned a level 2 spell: Momentum Strike
  1519 | D:3      | Noticed Ijyb
  1528 | D:3      | Killed Ijyb
  1816 | D:3      | Reached XP level 4. HP: 32/33 MP: 9/9
  2120 | D:3      | Learned a level 2 spell: Searing Ray
  2497 | D:4      | Reached skill level 1 in Necromancy
  2497 | D:4      | Reached skill level 1 in Translocations
  2652 | D:6      | Reached skill level 5 in Conjurations
  2652 | D:6      | Reached XP level 5. HP: 24/41 MP: 4/10
  2915 | D:6      | Noticed a wyvern
  2924 | D:6      | Killed a wyvern
  2925 | D:6      | Reached skill level 6 in Conjurations
  3116 | D:6      | Found Xenoph's General Store.
  3143 | D:6      | Found Paysom's General Store.
  3203 | D:6      | Found Savit's Weapon Emporium.
  3205 | D:6      | Noticed an ice beast
  3219 | D:6      | Reached XP level 6. HP: 47/48 MP: 6/11
  3368 | D:6      | Found Xeppaul's General Store.
  3865 | D:5      | Entered Level 5 of the Dungeon
  3876 | D:5      | Reached skill level 7 in Conjurations
  3914 | D:5      | Noticed Dowan
  3929 | D:5      | Noticed Duvessa
  4094 | D:6      | HP: 4/48 [poisoned by an orc]
  4094 | D:6      | Slain by an orc

Vanquished Creatures
  A wyvern (D:6)
  A phantom (D:6)
  3 scorpions
  A howler monkey (D:6)
  A jelly (D:6)
  A hound (D:5)
  An orc priest (D:6)
  3 orc wizards (D:6)
  Ijyb (D:3)
  5 adders
  A worm (D:2)
  3 dart slugs
  12 orcs
  3 ball pythons
  4 bats
  3 endoplasms
  4 giant cockroaches
  5 hobgoblins
  2 jackals (D:4)
  8 kobolds
  4 quokkas
  6 frilled lizards
  8 goblins
  5 rats
86 creatures vanquished.

Vanquished Creatures (others)
  An orc priest (D:6)
  An adder (D:4)
2 creatures vanquished.

Grand Total: 88 creatures vanquished
